 Dungeon Crawl Stone Soup version 0.19-a0-36-g4a0968a (webtiles) character file.

686 mrath the Basher (level 7, 0/57 HPs)
             Began as a Minotaur Fighter on May 4, 2016.
             Slain by Pikel
             ... wielding a +2 whip of flaming
              (4 damage)
             ... on level 4 of the Dungeon.
             The game lasted 00:19:36 (3525 turns).

mrath the Basher (Minotaur Fighter)                 Turns: 3525, Time: 00:19:37

Health: 0/57       AC:  6    Str: 23    XL:     7   Next: 35%
Magic:  6/6        EV:  7    Int:  5    God:
Gold:   172        SH:  0    Dex:  9    Spells: 0 memorised, 6 levels left

rFire  . . .     SeeInvis .     a - +0 flail
rCold  . . .     Gourm    .     b - +0 scale mail
rNeg   . . .     Faith    .     c - +1 shield
rPois  .         Spirit   .     (helmet restricted)
rElec  .         Dismiss  .     (no cloak)
rCorr  .         Reflect  .     (no gloves)
SustAt .         Harm     .     (no boots)
MR     .....                    v - amulet of regeneration
Stlth  ..........               (no ring)
                                n - ring of wizardry

@: confused, not resistant to hostile enchantments, extremely unstealthy
A: retaliatory headbutt, horns 2
a: no special abilities


You were on level 4 of the Dungeon.
You were not hungry.

You visited 1 branch of the dungeon, and saw 4 of its levels.

You collected 172 gold pieces.

Inventory:

Hand Weapons
 a - a +0 flail (weapon)
Missiles
 i - 13 stones (quivered)
 o - 11 poisoned needles
Armour
 b - a +0 scale mail (worn)
 c - a +1 shield (worn)
 g - the +2 ring mail of Lina {+Inv Str-4 Int+3}
   (You found it on level 4 of the Dungeon)

   It affects your strength (-4).
   It affects your intelligence (+3).
   It lets you turn invisible.
Jewellery
 n - a ring of wizardry (left hand)
 v - an amulet of regeneration (around neck)
 z - a +3 ring of strength {unknown}
Scrolls
 e - a scroll of enchant armour
 j - 2 scrolls of identify
 r - a scroll of fog
 s - a scroll of remove curse
 y - a scroll of amnesia {unknown}
 A - a scroll of recharging {unknown}
Potions
 d - a potion of might
 h - 2 potions of curing {unknown}
 k - 2 potions of brilliance
 m - 2 potions of flight {unknown}
 x - a potion of berserk rage
Books
 t - a book of Necromancy

   Spells                             Type                      Level
   a - Pain                           Necromancy                   1
   b - Animate Skeleton               Necromancy                   1
   c - Vampiric Draining              Necromancy                   3
   d - Regeneration                   Charms/Necromancy            3
   e - Animate Dead                   Necromancy                   4
   f - Control Undead                 Necromancy                   4
Comestibles
 f - 2 bread rations
 l - 2 meat rations
 p - a slice of pizza
 q - a beef jerky
 w - 3 fruits


   Skills:
 - Level 3.6 Fighting
 + Level 10.0 Maces & Flails
 - Level 3.6 Armour
 - Level 3.6 Shields


You had 6 spell levels left.
You didn't know any spells.

Dungeon Overview and Level Annotations

Branches:
Dungeon (4/15)
 Temple: D:4-7

Altars:

Annotations:
D:4 Pikel


Innate Abilities, Weirdness & Mutations

You reflexively headbutt those who attack you in melee.
You have a pair of horns on your head.


Message History

The slave hits you but does no damage. Pikel hits you but does no damage.
The slave barely misses you. The orc barely misses you.
You sock Pikel! Your headbutt misses Pikel.
Pikel is almost dead.
The slave completely misses you.
The orc wizard hits you but does no damage.
The slave barely misses you.
Pikel drinks a potion.
Pikel goes berserk!
The slave hits you. x2; The orc closely misses you.
The orc wizard casts a spell at you. The puff of flame hits you!
Your shield prevents you from hitting Pikel.
Pikel is severely wounded.
Pikel hits you with a whip of flaming!
* * * LOW HITPOINT WARNING * * *
Pikel burns you.
* * * LOW HITPOINT WARNING * * *
The slave barely misses you. The slave hits you.
* * * LOW HITPOINT WARNING * * *
Pikel hits you with a whip of flaming.
You die...

..##..###.......##..#............
.####..##.#####...####...........
..# #.....# #..## ##...........
..# ##....#####..###...........
..###..........................
...............................
#...........)..................
#............)..........
#.............oo@.......
..............ppKp......
........................ ..
................$.... ..
..............%..... ...
................... ...
.................. ...
................. ...
....^..........


You could see Pikel (berserk), 3 slaves, an orc wizard and an orc.

Vanquished Creatures
  Sigmund (D:3)
  An ogre (D:4)
  A giant frog (D:4)
  2 hounds (D:4)
  2 orc wizards (D:3)
  A centaur skeleton (D:3)
  An iguana (D:4)
  A worker ant (D:4)
  3 gnolls (D:3)
  4 adders
  2 oozes
  An adder skeleton (D:4)
  3 worms
  4 giant geckos
  12 orcs
  2 ball pythons (D:3)
  4 giant cockroaches
  6 goblins
  6 hobgoblins
  4 jackals
  9 kobolds
  2 quokkas (D:2)
  6 bats
  4 giant newts
  A quokka skeleton (D:4)
  9 rats
92 creatures vanquished.

Notes
Turn   | Place    | Note
--------------------------------------------------------------
     0 | D:1      | mrath the Minotaur Fighter began the quest for the Orb.
     0 | D:1      | Reached XP level 1. HP: 19/19 MP: 0/0
    79 | D:1      | Reached skill level 3 in Maces & Flails
   151 | D:1      | Reached XP level 2. HP: 26/26 MP: 1/1
   485 | D:1      | Reached skill level 4 in Maces & Flails
   682 | D:2      | Reached XP level 3. HP: 26/31 MP: 2/2
  1192 | D:3      | Reached skill level 5 in Maces & Flails
  1657 | D:3      | Reached XP level 4. HP: 37/39 MP: 3/3
  1773 | D:3      | Reached skill level 6 in Maces & Flails
  1818 | D:3      | Reached XP level 5. HP: 12/45 MP: 4/4
  2143 | D:3      | Noticed Sigmund
  2202 | D:2      | You fall through a shaft for 2 floors!
  2459 | D:4      | Got an ancient ring mail
  2475 | D:4      | Identified the +2 ring mail of Lina {+Inv Str-4 Int+3} (You found it on level 4 of the Dungeon)
  2574 | D:3      | Reached skill level 7 in Maces & Flails
  2744 | D:3      | Reached XP level 6. HP: 21/51 MP: 5/5
  3057 | D:3      | Killed Sigmund
  3057 | D:3      | Reached skill level 8 in Maces & Flails
  3093 | D:4      | Reached skill level 9 in Maces & Flails
  3114 | D:4      | Reached XP level 7. HP: 57/57 MP: 6/6
  3514 | D:4      | Noticed Pikel
  3514 | D:4      | Reached skill level 10 in Maces & Flails
  3525 | D:4      | Slain by Pikel

Vault maps used:
D:1:      minmay_arrival_three_doors
D:3:      serial_glass, glass_columns_a, glass_columns_a, uniq_sigmund
D:4:      yredelemnul_forgotten_temple_becter, cheibrodos_ashenzari_chains,
          solitary_fountain, st_stairs_10, uniq_pikel

Skill      XL: |  1  2  3  4  5  6  7 |
---------------+----------------------+-----
Maces & Flails | 3 4 5 6 7 9 10 | 10.0
Fighting       | |  3.6
Armour         | |  3.6
Shields        | |  3.6

Action                   |  1- 3 |  4- 6 |  7- 9 || total
-------------------------+-------+-------+-------++-------
Melee: Flail             |   135 |   111 |    34 ||   280
       Headbutt          |    22 |    25 |     6 ||    53
Throw: Stone             |     1 |       |       ||     1
  Use: Scroll            |       |     7 |       ||     7
       Potion            |       |     1 |       ||     1
  Eat: Chunk             |     2 |     5 |     2 ||     9
Armor: Scale mail        |    56 |    21 |     9 ||    86
Dodge: Dodged            |    41 |    21 |    20 ||    82
Block: Shield            |    86 |    55 |    19 ||   160
